 Dungeon Crawl Stone Soup version 0.13-a0-2884-gbbf8bdf (webtiles) character file.

61 JacquesDerrida the Caller (level 2, -2/19 HPs)
             Began as a Demonspawn Summoner on Aug 29, 2013.
             Slain by a kobold
             ... wielding a +0,+0 dagger
              (5 damage)
             ... on Level 1 of the Dungeon.
             The game lasted 00:01:27 (516 turns).

JacquesDerrida the Caller (Demonspawn Summoner)      Turns: 516, Time: 00:01:27

HP  -2/19        AC  2     Str  8      XL: 2   Next: 13%
MP   4/4         EV 12     Int 16      God:
Gold 50          SH  0     Dex 13      Spells:  1 memorised,  2 levels left

Res.Fire  : . . .   See Invis. : .   d - +0 mace
Res.Cold  : . . .   Warding    : .   a - +0 robe
Life Prot.: . . .   Conserve   : .   (no shield)
Res.Poison: .       Res.Corr.  : .   (no helmet)
Res.Elec. : .       Clarity    : .   (no cloak)
Sust.Abil.: . .     Spirit.Shd : .   (no gloves)
Res.Mut.  : .       Stasis     : .   (no boots)
Res.Rott. : .       Flight     : .   (no amulet)
Saprovore : . . .                    (no ring)
                                     (no ring)

@: not resistant to hostile enchantments, fairly stealthy
A: demonic guardian 1
a: no special abilities


You were on level 1 of the Dungeon.
You were not hungry.

You visited 1 branch of the dungeon, and saw 1 of its levels.

You collected 30 gold pieces.

Inventory:

Hand weapons
 d - a +0,+0 mace (weapon)
 l - a +1,+1 elven dagger of holy wrath (quivered)
Armour
 a - a +0 robe (worn)
Comestibles
 c - 2 bread rations
 h - an apricot
Scrolls
 e - 2 scrolls of identify {unknown}
 f - a scroll of recharging {unknown}
 g - a scroll of teleportation {unknown}
 i - a scroll of curse armour {unknown}
 m - a scroll of random uselessness {unknown}
 n - a scroll of remove curse {unknown}
Potions
 j - a potion of restore abilities {unknown}
 k - a potion of paralysis {unknown}
Books
 b - a book of Callings

   Spells                             Type                      Level
   *Summon Small Mammal               Summoning                    1
   Call Imp                           Summoning                    2
   Call Canine Familiar               Summoning                    3
   Summon Scorpions                   Summoning/Poison             4
   Summon Ice Beast                   Ice/Summoning                4


   Skills:
 - Level 1.3 Fighting
 - Level 1.7 Dodging
 - Level 1.7 Stealth
 + Level 1.0 Spellcasting
 + Level 4.2 Summonings


You had 2 spell levels left.
You knew the following spells:

 Your Spells              Type           Power        Failure   Level  Hunger
a - Summon Small Mammal   Summ           ##..         6%          1    ##.....


Dungeon Overview and Level Annotations

Branches:
Dungeon (1/27)

Altars:


Innate Abilities, Weirdness & Mutations

A weak demonic guardian rushes to your aid.


Message History

You kill the kobold!
No target in view!
m - a scroll labeled HONA STAVITU
n - a scroll labeled RUEGOECLIO A worm and a kobold come into view.
The kobold shouts!
The kobold throws a dart.
The dart hits you!
The kobold throws a dart.
The dart hits you!
You see here a dart.
The kobold moves out of view.
The kobold hits you with a dagger.
You closely miss the kobold. The kobold hits you but does no damage.
You closely miss the kobold. The kobold hits you with a dagger.
You completely miss the kobold. The kobold hits you with a dagger.
The kobold hits you with a dagger.
* * * LOW HITPOINT WARNING * * *
The kobold hits you with a dagger.
* * * LOW HITPOINT WARNING * * *
You closely miss the kobold. The kobold hits you with a dagger.
You die...

..##......%.......# #.#
..##...########...# #.#
.####..#######..### #.#
.# #.## #.## #.#
.####.###### #.# #..
#..........###.# #..
.####.####.....#####
##########.. .# #.#
######.#...# #...........
. #.# #......K@#.#
#.########.# #.#
#.####w#...###.########.#
#.# .#
#...#.(............# #.#
.# ###...###.##########
#.###.# ##.## #.#
#.#....# #.# #.#
###.###...# #.# #.# ...##
##..# #.# #.# ....###...#
#.# #.#


You could see a worm (wandering) and a kobold.

Vanquished Creatures
  A giant cockroach (D:1)
  A goblin (D:1)
  3 jackals (D:1)
  A bat (D:1)
  2 giant newts (D:1)
  2 kobolds (D:1)
  2 rats (D:1)
12 creatures vanquished.

Notes
Turn   | Place    | Note
--------------------------------------------------------------
     0 | D:1      | JacquesDerrida, the Demonspawn Summoner, began the quest for the Orb.
     0 | D:1      | Reached XP level 1. HP: 13/13 MP: 3/3
   149 | D:1      | Reached skill level 1 in Fighting
   414 | D:1      | Gained mutation: A weak demonic guardian rushes to your aid. [demonic ancestry]
   414 | D:1      | Reached XP level 2. HP: 16/19 MP: 4/4
   516 | D:1      | Slain by a kobold

Action                   || total
-------------------------++-------
Melee: Mace              ||    38
 Stab: Sleeping          ||     1
